 Dungeon Crawl Stone Soup version 0.22.1-1-ga44c0e5 (webtiles) character file.

231 Anon1729 the Skirmisher (level 6, -10/52 HPs)
             Began as a Ghoul Gladiator on Oct 19, 2018.
             Mangled by an ogre
             ... wielding a +0 giant club
              (24 damage)
             ... on level 4 of the Dungeon.
             The game lasted 00:04:55 (2745 turns).

Anon1729 the Skirmisher (Ghoul Gladiator)           Turns: 2745, Time: 00:04:56

Health: -10/52     AC:  8    Str: 18    XL:     6   Next: 3%
Magic:  5/5        EV: 10    Int:  5    God:
Gold:   220        SH:  0    Dex: 10    Spells: 5/5 levels left

rFire    . . .     SeeInvis +   a - +0 quarterstaff
rCold    + . .     Gourm    .   (shield currently unavailable)
rNeg     + + +     Faith    .   t - +0 scale mail
rPois    ∞         Spirit   .   c - +0 helmet
rElec    .         Reflect  .   (no cloak)
rCorr    +         Harm     .   v - +0 pair of gloves
MR       .....                  (no boots)
Stlth    ..........             (no amulet)
HPRegen  0.00/turn              o - ring of see invisible
MPRegen  0.09/turn              s - ring of resist corrosion

@: rotting
A: rotting body, claws 1, carnivore, cold resistance 1, negative energy
resistance 3, inhibited regeneration, torment resistance, unbreathing
a: no special abilities


You were on level 4 of the Dungeon.
You were not hungry.

You visited 1 branch of the dungeon, and saw 4 of its levels.

You collected 220 gold pieces.

Inventory:

Hand Weapons
 a - a +0 quarterstaff (weapon)
 r - a +3 dagger of venom
Missiles
 d - 3 throwing nets (quivered)
Armour
 b - a +0 leather armour
 c - a +0 helmet (worn)
 t - a +0 scale mail (worn)
 v - a +0 pair of gloves (worn)
Jewellery
 o - a ring of see invisible (left hand)
 s - a ring of resist corrosion (right hand)
Wands
 x - a wand of paralysis (12)
 y - a wand of digging (9)
Scrolls
 g - 2 scrolls of teleportation {unknown}
 i - 2 scrolls of fear {unknown}
 l - a scroll of immolation {unknown}
 m - 7 scrolls of identify {unknown}
 u - a scroll of noise {unknown}
 z - a scroll of remove curse {unknown}
 A - a scroll of enchant weapon {unknown}
Potions
 e - a potion of brilliance {unknown}
 h - a potion of resistance {unknown}
 j - a potion of invisibility {unknown}
 k - a potion of might {unknown}
 n - a potion of cancellation {unknown}
 p - a potion of lignification {unknown}
 w - a potion of heal wounds {unknown}
 B - a potion of haste {unknown}
Comestibles
 f - 3 rations
 q - 7 chunks of flesh


   Skills:
 * Level 4.2 Fighting
 * Level 4.0 Staves
 - Level 2.0 Throwing
 + Level 1.7 Armour
 + Level 3.3 Dodging


You had 5 spell levels left.
You didn't know any spells.
Your spell library was empty.

Dungeon Overview and Level Annotations

Branches:
Dungeon (4/15)
 Temple: D:4-7

Altars:
Qazlal
Ru

Shops:
D:4 :


Innate Abilities, Weirdness & Mutations

Your body is rotting away.
You thrive on raw meat.
You are immune to poison.
You have sharp fingernails.
You are carnivorous and can eat meat at any time.
Your flesh is cold resistant. (rC+)
You are immune to negative energy. (rN+++)
You do not regenerate when monsters are visible.
You are immune to unholy pain and torment.
You can survive without breathing.


Message History

A leopard gecko comes into view.
The leopard gecko hisses angrily.
The ogre closely misses you.
You see here a ball python corpse.
You sock the ogre!
The ogre is moderately wounded.
The ogre misses you.
You completely miss the ogre.
The ogre is moderately wounded.
You barely miss the ogre.
The ogre is moderately wounded.
The ogre hits you with a giant club!
* * * LOW HITPOINT WARNING * * *
There are monsters nearby!
There are monsters nearby!
Unknown command.
The leopard gecko bites you but does no damage.
There is an open door here.
The ogre hits you with a giant club!!
You die...

#...############
+.........∩.....
#.†.#......####
.........+......+
.#####...#......###
#...#........# ####
..?...#.####l# .....
#(####.#.##<#O####......
#. #.#?##.@...........
#. ############.######
..# ..# ..+ ..# ..# .##


You could see an ogre and a leopard gecko.

Vanquished Creatures
  An orc priest (D:3)
  Ijyb (D:3)
  A worker ant (D:4)
  7 adders
  An ooze (D:1)
  A dart slug (D:2)
  6 leopard geckos
  7 orcs (D:3)
  6 bats
  5 giant cockroaches
  7 hobgoblins
  6 jackals
  2 quokkas
  4 ball pythons
  3 frilled lizards
  6 goblins
  A jackal skeleton (D:4)
  6 kobolds
  5 rats
76 creatures vanquished.

Notes
Turn   | Place    | Note
-------+----------+-------------------------------------------
     0 | D:1      | Anon1729 the Ghoul Gladiator began the quest for the Orb.
     0 | D:1      | Reached XP level 1. HP: 17/17 MP: 0/0
   291 | D:1      | Reached XP level 2. HP: 25/25 MP: 1/1
   657 | D:1      | Reached XP level 3. HP: 30/30 MP: 2/2
  1454 | D:2      | Found a stormy altar of Qazlal.
  1590 | D:2      | Reached skill level 1 in Armour
  1707 | D:2      | Reached XP level 4. HP: 34/38 MP: 3/3
  2041 | D:3      | Found a sacrificial altar of Ru.
  2204 | D:3      | Reached XP level 5. HP: 19/45 MP: 4/4
  2549 | D:3      | Noticed Ijyb
  2563 | D:3      | Killed Ijyb
  2690 | D:4      | Found Aggian's Book Boutique.
  2703 | D:4      | Reached XP level 6. HP: 30/52 MP: 5/5
  2745 | D:4      | Mangled by an ogre

Skill      XL: |  1  2  3  4  5 |
---------------+----------------+-----
Staves         | 3 4 |  4.0
Throwing       | 2 |  2.0
Fighting       | 3 4 |  4.2
Dodging        | 3 |  3.3
Armour         | 1 |  1.7

Action                   |  1- 3 |  4- 6 || total
-------------------------+-------+-------++-------
Melee: Quarterstaff      |   102 |   166 ||   268
  Eat: Chunk             |     8 |    13 ||    21
Armor: Leather armour    |    29 |    25 ||    54
       Scale mail        |       |    68 ||    68
Dodge: Dodged            |    66 |   142 ||   208
